 Dungeon Crawl Stone Soup version 0.26-a0-682-g294304f6e8 (webtiles) character file.

Game seed: 16796180441365347861

1368 lunkers the Insei (level 8, -3/59 HPs)
             Began as a Purple Draconian Transmuter on Oct 20, 2020.
             Was an Initiate of Ru.
             Slain by Prince Ribbit (6 damage)
             ... on level 6 of the Dungeon.
             The game lasted 00:08:43 (6108 turns).

lunkers the Insei (Purple Draconian Transmuter)     Turns: 6108, Time: 00:08:43

Health: -3/59      AC:  2    Str: 19    XL:     8   Next: 38%
Magic:  10/11      EV: 19    Int: 13    God:    Ru [......]
Gold:   379        SH:  0    Dex: 17    Spells: 2/11 levels left

rFire    . . .     SeeInvis .     - Unarmed
rCold    . . .     Faith    .   (shield currently unavailable)
rNeg     . . .     Spirit   .   (armour unavailable)
rPois    x         Reflect  .   (helmet currently unavailable)
rElec    .         Harm     .   (cloak currently unavailable)
rCorr    .         Rampage  .   (gloves currently unavailable)
MR       +....                  (boots currently unavailable)
Stlth    ++........             (no amulet)
HPRegen  0.19/turn              o - +6 ring of strength
MPRegen  0.12/turn              (no ring)

@: spider-form (expiring)
A: tiny, (breathe power), unfitting armour, clumsy 1, AC +6
a: End Transformation, Renounce Religion


You were on level 6 of the Dungeon.
You worshipped Ru.
Ru was noncommittal.
You were a venomous arachnid creature.
You visited 2 branches of the dungeon, and saw 7 of its levels.

You collected 379 gold pieces.

Inventory:

Armour
 i - a +1 cloak (melded)
 m - a +0 hat (melded)
Jewellery
 o - a +6 ring of strength (left front leg)
 u - an uncursed amulet of regeneration {unknown}
Wands
 r - a wand of acid (6)
Scrolls
 b - a scroll of fear {unknown}
 c - 8 scrolls of identify {unknown}
 d - 3 scrolls of enchant weapon {unknown}
 g - 4 scrolls of teleportation {unknown}
 h - 5 scrolls of remove curse {unknown}
 p - 2 scrolls of magic mapping {unknown}
 s - 2 scrolls of blinking {unknown}
 v - a scroll of silence {unknown}
Potions
 a - 3 potions of haste
 e - 3 potions of curing
 f - 5 potions of mutation {unknown}
 j - a potion of heal wounds {unknown}
 k - a potion of magic {unknown}
 l - a potion of degeneration {unknown}
 n - 2 potions of lignification {unknown}
 q - 2 potions of berserk rage {unknown}
 t - a potion of might {unknown}


   Skills:
 - Level 1.1 Fighting
 - Level 1.7 Dodging
 + Level 7.9 Unarmed Combat
 - Level 2.4 Spellcasting
 + Level 7.5 Transmutations


You had 2 spell levels left.
You knew the following spells:

 Your Spells              Type           Power        Failure   Level
c - Spider Form           Tmut/Pois      ##........   34%         3
d - Blade Hands           Tmut           ###.......   52%         5
p - Beastly Appendage     Tmut           ###...       5%          1

Your spell library contained the following spells:

 Spells                   Type           Power        Failure   Level
 Wereblood                Tmut           ###.....     7%          2
 Ice Form                 Ice/Tmut       ##......     67%         4


Dungeon Overview and Level Annotations

Branches:
Dungeon (6/15)             Temple (1/1) D:4

Altars:
Ashenzari
Cheibriados
Dithmenos
Elyvilon
Fedhas
Gozag
Hepliaklqana
Kikubaaqudgha
Makhleb
Nemelex Xobeh
Okawaru
Qazlal
Ru
Sif Muna
Trog
Uskayaw
Vehumet
Wu Jian
Xom
Yredelemnul
Zin
The Shining One

Shops:
D:6 (

Annotations:
D:6 Prince Ribbit


Innate Abilities, Weirdness & Mutations

((You can breathe bolts of dispelling energy.))
((Your rich purple scales are hard. (AC +6)))
You cannot fit into any form of body armour.
You are clumsy. (Dex -2)
((You are cold-blooded and may be slowed by cold attacks.))


Message History

You hit Prince Ribbit.
Prince Ribbit is poisoned.
Prince Ribbit is lightly wounded.
Your transformation is almost over.
Prince Ribbit hits you! Prince Ribbit closely misses you.
You bite Prince Ribbit!
Prince Ribbit looks as sick as possible!
Prince Ribbit is moderately wounded.
Prince Ribbit hits you!!
* * * LOW HITPOINT WARNING * * *
You hit Prince Ribbit.
Prince Ribbit looks as sick as possible!
Prince Ribbit is heavily wounded.
Prince Ribbit closely misses you.
You hit Prince Ribbit but do no damage.
Prince Ribbit looks as sick as possible!
Prince Ribbit is severely wounded.
Prince Ribbit hits you!
* * * LOW HITPOINT WARNING * * *
Prince Ribbit hits you.
You die...

### ## ##.######## ..###
#.........##### ....#
##.............## ....##
#...............# #..?..#
................###.....#
...................†....#
.................F..##..#
.............<..s####
#.................#
#.................#
#.................##.
#....................
#...................#
##................###
#...............##
#..............##


You could see Prince Ribbit (extremely poisoned).

Vanquished Creatures
  Grinder (D:3)
  Sigmund (D:2)
  Edmund (D:5)
  An ice beast (D:5)
  3 ogres
  A scorpion (D:4)
  An orc wizard (D:5)
  Crazy Yiuf (D:2)
  A hound (D:5)
  2 orc priests
  Ijyb (D:5)
  Natasha (thrice) (D:2)
  3 worker ants
  2 hound skeletons
  4 adders
  An ooze (D:5)
  An adder zombie (D:2)
  2 worms
  2 dart slugs
  6 leopard geckos
  12 orcs
  A ball python (D:3)
  5 bats
  5 giant cockroaches
  3 goblins
  4 hobgoblins
  10 jackals
  5 kobolds
  3 quokkas
  4 frilled lizards
  6 rats
96 creatures vanquished.

Notes
Turn   | Place    | Note
-------+----------+-------------------------------------------
     0 | D:1      | lunkers the Draconian Transmuter began the quest for the
                  | Orb.
     0 | D:1      | Reached XP level 1. HP: 16/16 MP: 3/3
   206 | D:1      | Reached XP level 2. HP: 19/23 MP: 3/5
   395 | D:1      | You fall into a shaft and drop 1 floor!
   637 | D:2      | Reached XP level 3. HP: 28/28 MP: 4/6
   813 | D:2      | Noticed Natasha
   822 | D:2      | Killed Natasha
   822 | D:2      | Reached XP level 4. HP: 18/35 MP: 7/7
  1003 | D:2      | Noticed Sigmund
  1009 | D:2      | Learned a level 3 spell: Spider Form
  1023 | D:2      | Killed Sigmund
  1023 | D:2      | Reached skill level 5 in Unarmed Combat
  1023 | D:2      | Reached XP level 5. HP: 34/40 MP: 5/8
  1091 | D:2      | Noticed Natasha
  1123 | D:2      | Found a white marble altar of Elyvilon.
  1290 | D:2      | Killed Natasha
  1308 | D:2      | Noticed Natasha
  1315 | D:2      | Killed Natasha
  1315 | D:2      | Reached XP level 6. HP: 23/47 MP: 5/9
  1485 | D:2      | Found a runed translucent door.
  1486 | D:2      | Noticed Crazy Yiuf
  1496 | D:2      | Killed Crazy Yiuf
  1854 | D:3      | Reached skill level 5 in Transmutations
  2092 | D:3      | Noticed Grinder
  2113 | D:3      | Killed Grinder
  2113 | D:3      | Your scales start taking on a rich purple colour.
  2113 | D:3      | Reached XP level 7. HP: 12/52 MP: 5/10
  2718 | D:4      | Found a staircase to the Ecumenical Temple.
  2750 | Temple   | Entered the Ecumenical Temple
  2842 | Temple   | Became a worshipper of Ru the Awakened
  2880 | D:4      | Learned a level 5 spell: Blade Hands
  4226 | D:5      | Entered Level 5 of the Dungeon
  4257 | D:5      | Found a burning altar of Makhleb.
  4363 | D:5      | Noticed Ijyb
  4528 | D:5      | Killed Ijyb
  4564 | D:5      | Reached XP level 8. HP: 42/59 MP: 7/11
  4698 | D:5      | Gained mutation: You are clumsy. (Dex -2) [Ru sacrifice]
  4834 | D:5      | Noticed Edmund
  4859 | D:5      | Killed Edmund
  5202 | D:6      | Found a blossoming altar of Fedhas.
  5887 | D:6      | Found Paorun's Antique Weapon Boutique.
  6090 | D:6      | Noticed Prince Ribbit
  6106 | D:6      | HP: 2/59 [Prince Ribbit (17)]
  6108 | D:6      | Slain by Prince Ribbit

Illustrated notes

Levels and vault maps discovered:
D:1:      wander_arrival_fairy_ring, layout_basic
D:2:      layout_basic, elyvilon_altar_1, uniq_crazy_yiuf_cottage, uniq_natasha,
          uniq_sigmund
D:3:      layout_loops_cross, uniq_grinder
D:4:      layout_layer_cave, minmay_temple_entry_grid, kennysheep_small_spiral
D:5:      layout_cave_pools, makhleb_blood_cavern_becter, uniq_ijyb, uniq_edmund
D:6:      layout_cave_pods, serial_shops, nicolae_shop_window_shopping,
          fedhas_altar_1, uniq_prince_ribbit1
Temple:   compressed_dpeg_circular_temple

Skill      XL: |  1  2  3  4  5  6  7  8 |
---------------+-------------------------+-----
Transmutations | 3 4 5 6 7 |  7.5
Unarmed Combat | 4 5 6 7 |  7.9
Fighting       | |  1.1
Dodging        | |  1.7
Spellcasting   | |  2.4

Action                   |  1- 3 |  4- 6 |  7- 9 || total
-------------------------+-------+-------+-------++-------
Melee: Unarmed           |    77 |    85 |   141 ||   303
       Kick              |    14 |       |       ||    14
       Headbutt          |     5 |       |       ||     5
       Tailslap          |     6 |     4 |     4 ||    14
       Punch             |       |       |     1 ||     1
 Cast: Beastly Appendage |    21 |       |       ||    21
       Spider Form       |       |    13 |    23 ||    36
Invok: Sacrifice Purity  |       |       |     1 ||     1
 Stab: Sleeping          |       |       |     2 ||     2
Armor: Skin              |    29 |    11 |    16 ||    56
Dodge: Dodged            |    53 |    70 |    99 ||   222

Table legend: (Time is in decaauts)
 A = Elapsed time spent in this place.
 B = Non-inter-level travel time spent in this place.
 C = Inter-level travel time spent in this place.
 D = Time resting spent in this place.
 E = Time spent auto-exploring this place.
 F = Levels seen in this place.
 G = Mean time per level.
                   A        B        C        D        E       F      G
               +--------+--------+--------+--------+--------+-----+--------+
         Total |   6076 |   5934 |    142 |    121 |   5071 |   7 |  868.0 |
       Dungeon |   5968 |   5857 |    111 |    121 |   4995 |   6 |  994.7 |
        Temple |    108 |     77 |     31 |      0 |     76 |   1 |  108.0 |
               +--------+--------+--------+--------+--------+-----+--------+

Top non-repeatable levels by time:
     D:4: 1529 daAuts
     D:3: 1153 daAuts
     D:2: 1150 daAuts
     D:6: 901 daAuts
     D:5: 839 daAuts
     D:1: 394 daAuts
  Temple: 108 daAuts
